 Dungeon Crawl Stone Soup version 0.30-a0-782-ge64f9170bb (webtiles) character file.

Game seed: 7386109746738000231

28 Dirtsage the Chopper (level 3, 25/29 HPs)
             Began as a Demonspawn Fighter on Mar 2, 2023.
             Quit the game on level 1 of the Dungeon.
             The game lasted 00:01:13 (309 turns).

Dirtsage the Chopper (Demonspawn Fighter)            Turns: 309, Time: 00:01:14

Health: 25/29      AC:  8    Str: 18    XL:     3   Next: 0%
Magic:  3/3        EV:  9    Int:  9    God:
Gold:   17         SH:  4    Dex: 12    Spells: 2/2 levels left

rFire   . . .      SeeInvis .    a - +0 war axe
rCold   . . .      Faith    .    c - +0 buckler
rNeg    . . .      Spirit   .    b - +0 scale mail
rPois   .          Reflect  .    (no helmet)
rElec   .          Harm     .    (no cloak)
rCorr   .          Rampage  .    (no gloves)
Will    .....                    (no boots) Stlth
                                 (no amulet)
HPRegen 0.24/turn                (no ring)
MPRegen 0.08/turn                (no ring)

@: no status effects
A: icy blue scales 1, demonic magic 1
a: no special abilities


You were on level 1 of the Dungeon.
You visited 1 branch of the dungeon, and saw 1 of its levels.

You collected 17 gold pieces.

Inventory:

Hand Weapons
 a - a +0 war axe (weapon)
Armour
 b - a +0 scale mail (worn)
 c - a +0 buckler (worn)
Scrolls
 e - a scroll of vulnerability {unknown}
 f - a scroll of identify {unknown}
 g - a scroll of torment {unknown}
Potions
 d - a potion of might


   Skills:
 - Level 3.0 Fighting
 + Level 3.2 Axes
 - Level 2.6 Armour
 - Level 2.6 Shields


You had 2 spell levels left.
You didn't know any spells.
Your spell library was empty.

Dungeon Overview and Level Annotations

Branches:
Dungeon (1/15)

Altars:


Innate Abilities, Weirdness & Mutations

You are partially covered in icy blue scales. (AC +2)
Spells you cast may paralyse adjacent enemies.


Message History

The frilled lizard bites you but does no damage.
You closely miss the hobgoblin.
The hobgoblin is moderately wounded.
You barely miss the jackal. You miss the frilled lizard.
The jackal closely misses you. The frilled lizard bites you.
You block the hobgoblin's attack.
The jackal bites you but does no damage.
You take 1 damage, and have 23/24 hp.
You slash the hobgoblin!
You kill the hobgoblin!
You miss the frilled lizard. You closely miss the jackal. The jackal bites you.
The frilled lizard bites you.
The quokka bites you but does no damage.
The jackal bites you but does no damage.
The frilled lizard closely misses you.
You take 1 damage, and have 22/24 hp.
You closely miss the quokka. You hit the frilled lizard.
You kill the frilled lizard!
You slash the jackal!
You kill the jackal!
The quokka bites you but does no damage.
The jackal bites you but does no damage.
The quokka bites you.
You take 1 damage, and have 21/24 hp.
You closely miss the quokka. You hit the jackal.
You kill the jackal!
The quokka bites you.
You take 1 damage, and have 20/24 hp.
You miss the quokka. You block the quokka's attack.
The quokka barely misses you.
You slash the quokka!
You kill the quokka!
You have reached level 3!
Your experience leads to an increase in your attributes!
Increase (s)trength, (i)ntelligence, or (d)exterity?
You feel stronger. x2; Your demonic ancestry asserts itself...
A menacing aura infuses your magic.
You regained 4 hp, and now have 25/29 hp.
MP restored: 3 Are you sure you want to abandon this character and quit the game? (Confirm with "yes".)

###
#.###############
#...............#
#.#############.#
#.# .........#.#
####.# #@#
########.#.## ...#.#
.......†).# #.....
.#.#.###.##......###
#.###...
.#................
....#...
.....######.......
.........
...................
.........
...................
.........
...#####........##..
.....#... .......#
.........


There were no monsters in sight!

Vanquished Creatures
  2 dart slugs (D:1)
  2 ball pythons (D:1)
  2 endoplasms (D:1)
  A giant cockroach (D:1)
  A goblin (D:1)
  2 hobgoblins (D:1)
  5 jackals (D:1)
  2 quokkas (D:1)
  A frilled lizard (D:1)
  2 kobolds (D:1)
20 creatures vanquished.

Notes
Turn   | Place    | Note
-------+----------+-------------------------------------------
     0 | D:1      | Dirtsage the Demonspawn Fighter began the quest for the
                  | Orb.
     0 | D:1      | Reached XP level 1. HP: 18/18 MP: 1/1
    94 | D:1      | Gained mutation: You are partially covered in icy blue
                  | scales. (AC +2) [demonic ancestry]
    94 | D:1      | Reached XP level 2. HP: 15/24 MP: 2/2
   309 | D:1      | Gained mutation: Spells you cast may paralyse adjacent
                  | enemies. [demonic ancestry]
   309 | D:1      | Reached XP level 3. HP: 25/29 MP: 3/3
   309 | D:1      | Quit the game

Illustrated notes

Levels and vault maps discovered:
D:1:      eino_arrival_cavern_d, layout_basic,
          hellmonk_ecumenical_altar_run_dry, nrook_mini_backslash,
          dreamdust_princess_bridge

Skill      XL: |  1  2 |
---------------+-------+-----
Axes           | 2 3 |  3.2
Fighting       | |  3.0
Armour         | |  2.6
Shields        | |  2.6

Action                     || total
---------------------------++-------
  Melee: War axe           ||    43
 Armour: Scale mail        ||    34
  Dodge: Dodged            ||    26
  Block: Buckler           ||    12

Table legend: (Time is in decaauts)
 A = Elapsed time spent in this place.
 B = Non-inter-level travel time spent in this place.
 C = Inter-level travel time spent in this place.
 D = Time resting spent in this place.
 E = Time spent auto-exploring this place.
 F = Levels seen in this place.
 G = Mean time per level.
                   A        B        C        D        E       F      G
               +--------+--------+--------+--------+--------+-----+--------+
         Total |    327 |    327 |      0 |      0 |    230 |   1 |  327.0 |
       Dungeon |    327 |    327 |      0 |      0 |    230 |   1 |  327.0 |
               +--------+--------+--------+--------+--------+-----+--------+

Top non-repeatable levels by time:
     D:1: 327 daAuts
